 Dungeon Crawl Stone Soup version 0.27-a0-732-ga892ba84f6 (webtiles) character file.

Game seed: 2210505762993297253

11 Lanoc the Magician (level 2, -6/22 HPs)
             Began as a Djinni Wanderer on Mar 23, 2021.
             Killed by Freeze
             ... invoked by an ooze
              (7 damage)
             ... on level 2 of the Dungeon.
             The game lasted 00:00:56 (325 turns).

Lanoc the Magician (Djinni Wanderer)                 Turns: 325, Time: 00:00:57

Health: -6/22      AC:  2    Str: 11    XL:     2   Next: 25%
Magic:  0/0        EV: 11    Int: 13    God:
Gold:   0          SH:  0    Dex: 12    Spells: 2/15 levels left

rFire    + + .     SeeInvis .   a - +0 dagger
rCold    x . .     Faith    .   (no shield)
rNeg     . . .     Spirit   .   d - +0 robe
rPois    ∞         Reflect  .   (no helmet)
rElec    .         Harm     .   (no cloak)
rCorr    .         Rampage  .   (no gloves)
Will     .....                  (boots unavailable)
Stlth    +.........             (no amulet)
HPRegen  0.07/turn              (no ring)
MPRegen  0.00/turn              (no ring)

@: flying
A: fire resistance 2, cold vulnerability 1, float, innate caster, hp casting,
extra vitality 1
a: no special abilities


You were on level 2 of the Dungeon.
You visited 1 branch of the dungeon, and saw 2 of its levels.

Inventory:

Hand Weapons
 a - a +0 dagger (weapon)
Armour
 d - a +0 robe (worn)
Scrolls
 c - a scroll of teleportation
Potions
 b - a potion of curing


   Skills:
 + Level 1.1 Fighting
 - Level 1.0 Throwing
 - Level 1.0 Shields
 + Level 7.4 Spellcasting


You had 2 spell levels left.
You knew the following spells:

 Your Spells              Type           Power      Damage    Failure   Level
a - Magic Dart            Conj           96%        1d7       1%          1
b - Blink                 Tloc           N/A        N/A       1%          2
c - Call Imp              Summ           24%        N/A       1%          2
d - Slow                  Hex            24%        N/A       1%          2
e - Conjure Flame         Conj/Fire      24%        6-21      1%          3
f - Mephitic Cloud        Conj/Pois/Air  24%        N/A       1%          3
Your spell library was empty.

Dungeon Overview and Level Annotations

Branches:
Dungeon (2/15)

Altars:


Innate Abilities, Weirdness & Mutations

You are immune to poison.
Your flesh is very heat resistant. (rF++)
You are vulnerable to cold. (rC-)
You float through the air rather than walking.
You learn spells naturally, not from books.
Your magical power is your life essence.
You have superior vitality. (+4 HP)


Message History

Press: ? - help, Shift-Dir - straight line, f - giant cockroach
Aim: a giant cockroach (0% to evade)
The magic dart hits the giant cockroach but does no damage.
* * * LOW HITPOINT WARNING * * *
The giant cockroach bites you but does no damage.
Casting: Magic Dart (safe; 1% risk of failure)
Confirm with . or Enter, or press ? or * to list all spells.
Aiming: Magic Dart (safe; 1% risk of failure)
Press: ? - help, Shift-Dir - straight line, f/p - giant cockroach
Aim: a giant cockroach (0% to evade)
The magic dart hits the giant cockroach but does no damage.
* * * LOW HITPOINT WARNING * * *
The giant cockroach barely misses you. x2
Casting: Magic Dart (safe; 1% risk of failure)
Confirm with . or Enter, or press ? or * to list all spells.
Aiming: Magic Dart (safe; 1% risk of failure)
Press: ? - help, Shift-Dir - straight line, f/p - giant cockroach
Aim: a giant cockroach (0% to evade)
The magic dart hits the giant cockroach.
You kill the giant cockroach!
* * * LOW HITPOINT WARNING * * *
Casting: Magic Dart (safe; 1% risk of failure)
Confirm with . or Enter, or press ? or * to list all spells.
Aiming: Magic Dart (safe; 1% risk of failure)
Press: ? - help, Shift-Dir - straight line, f - ooze
Aim: an ooze (0% to evade)
The magic dart hits the ooze.
The ooze is moderately wounded.
* * * LOW HITPOINT WARNING * * *
The ooze freezes you.
You are frozen.
* * * LOW HITPOINT WARNING * * *
You hit the ooze but do no damage.
The ooze is moderately wounded.
The ooze closely misses you.
You hit the ooze but do no damage.
The ooze is moderately wounded.
The ooze freezes you.
You are frozen.
You die...

#.. #.# #.## #..#
#..# #..#
#########..#.####
#.....@J.<.......
#!#######........
##....### .......
#...##. #.## .#
..


You could see an ooze.

Vanquished Creatures
  3 giant cockroaches (D:2)
  A jackal (D:1)
  3 oozes (D:1)
  2 rats (D:1)
9 creatures vanquished.

Notes
Turn   | Place    | Note
-------+----------+-------------------------------------------
     0 | D:1      | Lanoc the Djinni Wanderer began the quest for the Orb.
     0 | D:1      | Reached XP level 1. HP: 15/15 MP: 0/0
     1 | D:1      | Found a runed translucent door.
    24 | D:2      | Reached skill level 1 in Fighting
    24 | D:2      | Reached XP level 2. HP: 2/22 MP: 0/0
   323 | D:2      | HP: 1/22 [ooze/Freeze (1)]
   325 | D:2      | Killed from afar by an ooze

Illustrated notes

Levels and vault maps discovered:
D:1:      dpeg_arrival_caged_fury, layout_rooms
D:2:      layout_loops_ring, pdpol_wu_jian_five_deadly_venoms,
          makhleb_grotto_becter

Skill      XL: |  1 |
---------------+----+-----
Fighting       | 1 |  1.1
Throwing       | |  1.0
Shields        | |  1.0
Spellcasting   | |  7.4

Action                   || total
-------------------------++-------
Melee: Dagger            ||     6
 Cast: Magic Dart        ||    21
Armor: Robe              ||     7
Dodge: Dodged            ||    10

Table legend: (Time is in decaauts)
 A = Elapsed time spent in this place.
 B = Non-inter-level travel time spent in this place.
 C = Inter-level travel time spent in this place.
 D = Time resting spent in this place.
 E = Time spent auto-exploring this place.
 F = Levels seen in this place.
 G = Mean time per level.
                   A        B        C        D        E       F      G
               +--------+--------+--------+--------+--------+-----+--------+
         Total |    325 |    325 |      0 |    282 |      2 |   2 |  162.5 |
       Dungeon |    325 |    325 |      0 |    282 |      2 |   2 |  162.5 |
               +--------+--------+--------+--------+--------+-----+--------+

Top non-repeatable levels by time:
     D:2: 299 daAuts
     D:1: 26 daAuts
